 Dungeon Crawl Stone Soup version 0.27.1-2-g3b301248ec (webtiles) character file.

Game seed: 14582858227749434387

46 namoto the Skirmisher (level 3, -1/30 HPs)
             Began as a Djinni Abyssal Knight on Oct 1, 2021.
             Was a Believer of Lugonu.
             Slain by a gnoll (2 damage)
             ... on level 2 of the Dungeon.
             The game lasted 00:06:57 (1581 turns).

namoto the Skirmisher (Djinni Abyssal Knight)       Turns: 1581, Time: 00:06:59

Health: -1/30      AC:  3    Str: 12    XL:     3   Next: 92%
Gold:   38         EV: 12    Int: 13    God:    Lugonu [**....] SH:  0 Dex: 12

rFire    + + .     SeeInvis .   a - +1 falchion
rCold    x . .     Faith    .   (no shield)
rNeg     . . .     Spirit   .   b - +0 leather armour
rPois    ∞         Reflect  .   (no helmet)
rElec    .         Harm     .   (no cloak)
rCorr    .         Rampage  .   (no gloves)
Will     .....                  (boots unavailable)
Stlth    +.........             (no amulet)
HPRegen  0.10/turn              (no ring)
MPRegen  0.00/turn              (no ring)

@: flying
A: sickness immunity, fire resistance 2, cold vulnerability 1, float, innate
caster, hp casting, extra vitality 1
a: Renounce Religion, Depart the Abyss, Bend Space


You were on level 2 of the Dungeon.
You worshipped Lugonu.
Lugonu was pleased with you.
You visited 1 branch of the dungeon, and saw 2 of its levels.
You visited the Abyss 1 time.

You collected 38 gold pieces.

Inventory:

Hand Weapons
 a - a +1 falchion (weapon)
Missiles
 e - 86 stones
Armour
 b - a +0 leather armour (worn)
Scrolls
 c - a scroll of teleportation {unknown}
 f - a scroll of magic mapping {unknown}
 g - a scroll of immolation {unknown}


   Skills:
 + Level 3.6 Fighting
 + Level 2.2 Long Blades
 + Level 1.5 Armour
 + Level 2.7 Dodging
 + Level 0.1 Stealth
 + Level 2.0 Invocations


You had one spell level left.
You knew the following spells:

 Your Spells              Type           Power      Damage    Failure   Level
a - Sting                 Tmut/Pois      0%         1d3       36%         1
Your spell library was empty.

Dungeon Overview and Level Annotations

Branches:
Dungeon (2/15)

Altars:


Innate Abilities, Weirdness & Mutations

You are immune to sickness and miasma.
You are immune to poison.
Your flesh is very heat resistant. (rF++)
You are vulnerable to cold. (rC-)
You float through the air rather than walking.
You learn spells naturally, not from books.
Your magical power is your life essence.
You have superior vitality. (+4 HP)


Message History

The ball python completely misses you.
You hit the ball python.
You kill the ball python!
Lugonu accepts your kill. The gnoll misses you.
The gnoll hits you with a +0 spear.
The gnoll hits you from afar with a +0 spear.
The gnoll closely misses you.
You see here a ball python corpse.
You hit the gnoll.
The gnoll is lightly wounded.
The gnoll closely misses you. The gnoll misses you.
The gnoll barely misses you. The gnoll misses you.
The gnoll closely misses you.
You hit the gnoll.
The gnoll is moderately wounded.
The gnoll closely misses you. The gnoll hits you with a +0 spear.
The gnoll closely misses you.
You hit the gnoll.
The gnoll is moderately wounded.
The gnoll barely misses you. The gnoll hits you but does no damage.
The gnoll hits you from afar with a +0 spear!
* * * LOW HITPOINT WARNING * * *
You barely miss the gnoll.
The gnoll is moderately wounded.
The gnoll barely misses you. The gnoll misses you.
The gnoll hits you from afar with a +0 spear.
* * * LOW HITPOINT WARNING * * *
It was a potion of curing.
You feel better. The gnoll closely misses you.
The gnoll hits you with a +0 spear.
* * * LOW HITPOINT WARNING * * *
The gnoll completely misses you.
You closely miss the gnoll.
The gnoll is moderately wounded.
The gnoll hits you from afar with a +0 spear.
* * * LOW HITPOINT WARNING * * *
The gnoll hits you with a +0 spear.
* * * LOW HITPOINT WARNING * * *
The gnoll hits you from afar with a +0 spear.
You die...

#..............#########
#..............#.......####
#####.....................)
##.........##.......####
...........##.......#
...........##.......#
...........##########
...###..##.# .. ##@##+##
#g#<..# #gg...# ##....#
#....# #....# #....# #
##...# # #..## #


You could see 3 gnolls.

Vanquished Creatures
  An adder (D:2)
  A dart slug (D:1)
  5 bats
  A giant cockroach (D:1)
  2 goblins
  5 hobgoblins
  6 jackals
  2 quokkas
  2 ball pythons (D:2)
  2 frilled lizards
  3 kobolds (D:1)
  2 rats (D:1)
32 creatures vanquished.

Notes
Turn   | Place    | Note
-------+----------+-------------------------------------------
     0 | Abyss:1  | namoto the Djinni Abyssal Knight began the quest for the
                  | Orb.
     0 | Abyss:1  | Reached XP level 1. HP: 20/20 MP: 0/0
    17 | D:1      | Escaped the Abyss
   208 | D:1      | Reached XP level 2. HP: 25/25 MP: 0/0
   839 | D:1      | Reached XP level 3. HP: 23/30 MP: 0/0
   839 | D:1      | Learned a level 1 spell: Sting
  1107 | D:2      | Reached ** piety under Lugonu
  1581 | D:2      | HP: 1/30 [gnoll (3)]
  1581 | D:2      | Slain by a gnoll

Illustrated notes

Levels and vault maps discovered:
D:1:      ncdulo_watergridlock, layout_basic
D:2:      layout_basic, uniq_natasha

Skill      XL: |  1  2 |
---------------+-------+-----
Long Blades    | 2 |  2.2
Invocations    | 2 |  2.0
Fighting       | |  3.6
Armour         | |  1.5
Dodging        | |  2.7
Stealth        | |  0.1

Action                   || total
-------------------------++-------
Melee: Falchion          ||   114
  Use: Potion            ||     1
Armor: Leather armour    ||    39
Dodge: Dodged            ||   107
       Rpst.: Falchion   ||    27
